 Dungeon Crawl Stone Soup version 0.31-a0-1309-gbf3fed316f (webtiles) character file.

Game seed: 11703170155479490992

339 Conn the Sneak (level 6, -1/39 HPs)
             Began as an Octopode Fire Elementalist on Dec 20, 2023.
             Slain by a hound (6 damage)
             ... on level 4 of the Dungeon.
             The game lasted 00:06:55 (3395 turns).

Conn the Sneak (Octopode Fire Elementalist)         Turns: 3395, Time: 00:07:00

Health: -1/39      AC:  1    Str:  3 (6)  XL:     6   Next: 55%
Magic:  1/10       EV: 13    Int: 19 (22) God:
Gold:   100        SH:  0    Dex: 12 (15) Spells: 5/11 levels left

rFire   . . .        l - +2 dagger (speed)
rCold   . . .        (no shield)
rNeg    . . .        (helmet restricted)
rPois   .            (no amulet)
rElec   .            (no ring)
rCorr   .            (no ring)
SInv    .            (no ring)
Will    .....        (no ring)
Stlth   ++++         (no ring)
HPRegen 0.26/turn    (no ring)
MPRegen 0.12/turn    (no ring)
                     (no ring)

%: no passive effects
@: no status effects
A: almost no armour, amphibious, 8 rings, camouflage 1, gelatinous body 1,
(nimble swimmer 1), tentacles, tentacle spike 1, agile 1, clever 1, robust 1
a: no special abilities


You were on level 4 of the Dungeon.
You visited 1 branch of the dungeon, and saw 4 of its levels.

You collected 100 gold pieces.

Inventory:

Hand Weapons
 d - a +0 dagger
 i - a +0 dagger of venom
 l - a +2 dagger of speed (weapon)
Scrolls
 c - 2 scrolls of blinking {unknown}
 e - a scroll of amnesia {unknown}
 g - a scroll of vulnerability {unknown}
 m - a scroll of teleportation {unknown}
 r - a scroll of enchant armour {unknown}
Potions
 a - a potion of magic
 f - a potion of mutation
 h - a potion of lignification
 j - a potion of invisibility
 p - a potion of heal wounds {unknown}
 q - a potion of attraction {unknown}


   Skills:
 + Level 3.1 Dodging
 + Level 4.4 Stealth
 + Level 3.0 Spellcasting
 * Level 3.1 Conjurations
 + Level 1.9 Hexes
 + Level 4.0 Fire Magic


You had 5 spell levels left.
You knew the following spells:

 Your Spells              Type           Power      Damage    Failure   Level
a - Foxfire               Conj/Fire      64%        2x1d7     3%          1
b - Scorch                Fire           36%        2d6       4%          2
c - Inner Flame           Hex/Fire       14%        N/A       14%         3

Your spell library contained the following spells:

 Spells                   Type           Power      Damage    Failure   Level
 Volatile Blastmotes      Fire/Tloc      20%        2d11      21%         3
 Flame Wave               Conj/Fire      16%        2d7       34%         4
 Sticky Flame             Conj/Fire      16%        2d4       34%         4


Dungeon Overview and Level Annotations

Branches:
Dungeon (4/15)
 Temple: D:4-7

Altars:
Gozag
Zin


Innate Abilities, Weirdness & Mutations

You cannot wear most types of armour.
You are amphibious.
You can wear up to eight rings at the same time.
Your skin changes colour to match your surroundings (Stealth+).
Your rubbery body absorbs attacks. (AC +1, EV +1)
((You are camouflaged when in or above water. (Stealth+)))
You have tentacles for arms and can constrict up to eight enemies at once.
One of your tentacles bears a spike.
You are agile. (Dex +4, Str/Int -1)
Your mind is acute. (Int +4, Str/Dex -1)
You are robust. (+10% HP)


Message History

The foxfire hits the hound.
Flame seeps out of the hound.
The hound is lightly wounded.
The hound is engulfed in blazing flames.
Flame seeps out of the hound.
The hound closely misses you.
Unknown command.
Okay, then.
Okay, then.
Okay, then.
Okay, then.
Unknown command.
Unknown command.
Unknown command.
Unknown command.
Unknown command.
It was a potion of mutation.
You feel extremely strange.
You feel clever.
You feel robust.
One of your lower tentacles grows a sharp spike.
You feel agile. The hound barely misses you.
It was a potion of lignification.
You turn into a tree.
Your roots penetrate the ground.
The hound bites you but does no damage. x2
It was a potion of invisibility.
You fade into invisibility!
The hound bites you but does no damage. The gnoll hits you but does no damage.
It was a potion of degeneration.
There was something very wrong with that liquid.
You feel weakened.
You feel dopey.
You feel clumsy. The hound bites you but does no damage.
The gnoll hits you but does no damage. The gnoll barely misses you.
The hound bites you but does no damage.
It was a potion of might.
You feel very mighty all of a sudden. The gnoll hits you but does no damage.
The hound bites you but does no damage. The gnoll hits you but does no damage.
It was a potion of cancellation.
Your magical effects are unravelling.
You feel magically purged.
You feel less wooden.
You flicker back into view.
You feel a little less mighty now. The hound bites you.
You die...

#..[....####### #._..._.#
#.............########.......#
#.......#####........#########
#.....g.#.......############..
####.##...#####...###.........
# #.###...###..........###
#.#...#g######.#####..##
##.##...###g..###..# ##...
#......gggh@......## #######
....#....######.....###......
#.....#.## #####.....#####
#.#.#...# #.>....)### ##
#...##. %.#####..#####. .(.. .
#######.....#. ##.. .
.............. ..#
#..........##. #..........##.


You could see a gnoll bouda, a hound (inner flame), 3 gnolls and a hobgoblin.

Vanquished Creatures
  An ogre (D:3)
  A scorpion (D:3)
  4 gnolls (D:3)
  5 adders
  3 dart slugs (D:1)
  5 orcs (D:3)
  8 ball pythons
  8 endoplasms
  5 giant cockroaches (D:1)
  8 goblins
  4 hobgoblins
  5 jackals (D:2)
  12 kobolds
  6 quokkas
  6 bats
  2 frilled lizards
  13 rats
96 creatures vanquished.

Vanquished Creatures (collateral kills)
  A foxfire (D:3)
1 creature vanquished.

Vanquished Creatures (others)
  222 foxfires
222 creatures vanquished.

Grand Total: 319 creatures vanquished

Notes
Turn   | Place    | Note
-------+----------+-------------------------------------------
     0 | D:1      | Conn the Octopode Fire Elementalist began the quest for the
                  | Orb.
     0 | D:1      | Reached XP level 1. HP: 11/11 MP: 3/3
   152 | D:1      | Reached XP level 2. HP: 17/17 MP: 0/5
   517 | D:1      | Reached XP level 3. HP: 21/21 MP: 3/6
  1248 | D:2      | Learned a level 2 spell: Scorch
  1252 | D:2      | Learned a level 3 spell: Inner Flame
  1298 | D:2      | Reached XP level 4. HP: 27/27 MP: 5/7
  1900 | D:2      | Found a faded altar of an unknown god.
  2259 | D:3      | Noticed an ogre
  2414 | D:3      | Reached skill level 1 in Hexes
  2416 | D:3      | Noticed a scorpion
  2439 | D:3      | Reached XP level 5. HP: 26/31 MP: 1/8
  2754 | D:3      | Killed an ogre
  2755 | D:3      | Reached XP level 6. HP: 36/36 MP: 2/10
  3306 | D:4      | Found a glowing silver altar of Zin.
  3307 | D:4      | Found an opulent altar of Gozag.
  3390 | D:4      | Gained mutation: Your mind is acute. (Int +4, Str/Dex -1)
                  | [potion of mutation]
  3390 | D:4      | Gained mutation: You are robust. (+10% HP) [potion of
                  | mutation]
  3390 | D:4      | Gained mutation: One of your tentacles bears a spike.
                  | [potion of mutation]
  3390 | D:4      | Gained mutation: You are agile. (Dex +4, Str/Int -1)
                  | [potion of mutation]
  3395 | D:4      | Slain by a hound

Illustrated notes

Levels and vault maps discovered:
D:1:      matt_arrival_los_fun, layout_rooms
D:2:      layout_loops_ring, serial_glass, glass_columns_a, glass_columns_b,
          glass_columns_b, glass_columns_c, glass_columns_a, glass_columns_a,
          glass_columns_a, glass_columns_a, glass_columns_b, glass_columns_a,
          glass_columns_a, glass_columns_c, glass_columns_a, glass_columns_c,
          hellmonk_ecumenical_altar_leap_of_faith
D:3:      layout_loops_ring, serial_bayou_pond_b
D:4:      layout_rooms, grunt_temple_overflow_gold_and_silver, serial_shops,
          shop

Skill      XL: |  1  2  3  4  5  6 |
---------------+-------------------+-----
Stealth        | 3 4 |  4.4
Conjurations   | 2 3 |  3.1
Hexes          | 1 |  1.9
Dodging        | 3 |  3.1
Spellcasting   | 3 |  3.0
Fire Magic     | 4 |  4.0

Action                     |  1- 3 |  4- 6 || total
---------------------------+-------+-------++-------
  Melee: Unarmed           |     3 |       ||     3
         Constrict         |     5 |    11 ||    16
         Tentacles         |     3 |    14 ||    17
         Dagger            |    15 |    43 ||    58
         Punch             |       |     2 ||     2
   Cast: Foxfire           |    66 |    70 ||   136
         Scorch            |       |     3 ||     3
         Inner Flame       |       |     4 ||     4
    Use: Potion            |       |     8 ||     8
   Stab: Sleeping          |     2 |     3 ||     5
 Armour: Skin              |    16 |    45 ||    61
  Dodge: Dodged            |    32 |    32 ||    64

Table legend: (Time is in decaauts)
 A = Elapsed time spent in this place.
 B = Non-inter-level travel time spent in this place.
 C = Inter-level travel time spent in this place.
 D = Time resting spent in this place.
 E = Time spent auto-exploring this place.
 F = Levels seen in this place.
 G = Mean time per level.
                   A        B        C        D        E       F      G
               +--------+--------+--------+--------+--------+-----+--------+
         Total |   3380 |   3333 |     47 |     53 |   2522 |   4 |  845.0 |
       Dungeon |   3380 |   3333 |     47 |     53 |   2522 |   4 |  845.0 |
               +--------+--------+--------+--------+--------+-----+--------+

Top non-repeatable levels by time:
     D:2: 1139 daAuts
     D:1: 1043 daAuts
     D:3: 1023 daAuts
     D:4: 174 daAuts
